 Dungeon Crawl Stone Soup version 0.15.0-23-gc2b521c (webtiles) character file.

1061 Ratboiler the Cudgeler (level 8, 0/51 HPs)
             Began as a Gargoyle Berserker on Sept 8, 2014.
             Was an Elder of Trog.
             Splashed by a jelly's acid (8 damage)
             ... on Level 5 of the Dungeon.
             The game lasted 00:13:07 (5212 turns).

Ratboiler the Cudgeler (Gargoyle Berserker)         Turns: 5212, Time: 00:13:08

HP   0/51        AC -8     Str 21      XL: 8   Next: 27%
MP   8/8         EV  7     Int  9      God: Trog [****..]
Gold 88          SH  0     Dex 11      Spells:  0 memorised,  7 levels left

rFire  . . .     SeeInvis .     x - +6 club
rCold  . . .     Clarity  +     h - +0 chain mail
rNeg   + . .     rCorr    .     (no shield)
rPois  +         rRot     +     (no helmet)
rElec  +         Spirit   .     (no cloak)
SustAb .         Warding  .     D - +0 pair of gloves (curse)
rMut   .         Stasis   .     (no boots)
Gourm  .                        d - amulet of clarity
MR     .....                    (no ring)
                                F - +1 ring of strength

@: corroded equipment, not resistant to hostile enchantments, extremely
unstealthy
A: negative energy resistance 1, electricity resistance, unbreathing,
petrification resistance, rot immunity, AC +5
a: Burn Spellbooks, Berserk, Trog's Hand, Brothers in Arms, Renounce Religion


You were on level 5 of the Dungeon.
You worshipped Trog.
Trog was greatly pleased with you.
You were not hungry.

You visited 1 branch of the dungeon, and saw 5 of its levels.

You collected 223 gold pieces.
You spent 135 gold pieces at shops.

Inventory:

Hand weapons
 a - a +0 mace
 q - a +0 flail
 x - a +6 club (weapon)
Missiles
 o - 9 poisoned needles
Armour
 b - a +0 animal skin
 f - a +0 ring mail
 h - a +0 chain mail (worn)
 D - a cursed +0 pair of gloves (worn)
Magical devices
 p - a wand of cold (6)
 v - a wand of flame (0)
Comestibles
 c - 4 bread rations
 s - 3 meat rations
 t - 2 slices of pizza
Scrolls
 g - 2 scrolls of magic mapping {unknown}
 j - 6 scrolls of identify {unknown}
 l - 3 scrolls of enchant armour {unknown}
 m - 2 scrolls of fog {unknown}
 n - 2 scrolls of remove curse
 u - a scroll of noise {unknown}
 w - a scroll of blinking {unknown}
 y - 3 scrolls of teleportation {unknown}
 B - a scroll of random uselessness {unknown}
Jewellery
 d - an amulet of clarity (around neck)
 F - a +1 ring of strength (left hand)
 G - an uncursed ring of ice
Potions
 e - a potion of resistance {unknown}
 k - a potion of cure mutation {unknown}
 r - a potion of poison
 z - a potion of experience {unknown}
 A - 2 potions of heal wounds {unknown}
 C - 2 potions of restore abilities {unknown}
 E - 2 potions of might {unknown}


   Skills:
 + Level 6.0 Fighting
 * Level 6.9 Maces & Flails
 + Level 5.2 Armour
 - Level 1.5 Dodging
 - Level 3.3 Stealth


You had 7 spell levels left.
You didn't know any spells.

Dungeon Overview and Level Annotations

Branches:
Dungeon (5/15)             Temple (0/1) D:4

Altars:
Dithmenos
Fedhas
Kikubaaqudgha
Qazlal
Xom
Zin

Shops:
D:5 *

Annotations:
D:4 exclusion: downstairs


Innate Abilities, Weirdness & Mutations

You are resistant to torment.
You are immune to poison.
Your stone body is very resilient (AC +5).
You resist negative energy.
You are resistant to electric shocks.
You can survive without breathing.
You are immune to petrification.
You are immune to rotting.


Message History

You are too injured to fight recklessly!
You are too injured to fight recklessly!
You are too injured to fight recklessly!
You are too injured to fight recklessly!
You hit the jelly but do no damage.
The jelly is moderately wounded.
The jelly hits you.
You are splashed with acid!
The acid burns!
You hit the jelly.
The jelly is moderately wounded.
The jelly hits you.
You are splashed with acid!
The acid burns!
* * * LOW HITPOINT WARNING * * *
The jelly hits you.
* * * LOW HITPOINT WARNING * * *
You are splashed with acid!
The acid corrodes your equipment!
The acid burns!
* * * LOW HITPOINT WARNING * * *
Drink which item? (? for menu, Esc to quit)
You feel better. The jelly hits you.
* * * LOW HITPOINT WARNING * * *
You are splashed with acid!
The acid corrodes your equipment!
The acid burns!
You die...

..............# ##.## ##...
######..###..##
#..#######...# ##..####..##
#............#
#....####..#####............
##....(#
##...###..######....
###..##..##
#.#'#......####..).
###...####(.#
#.+∩+.....).......# .##...#
#(.###J#'#.#####........
.....## ##(....@...#
###..##.. .##..#
###....###...# #...####
##.#####....(##
##..........## # .# #.....##
#..... ..# .. #..##.# #####
# . #.###.# ( #. #.# #. #.##
###### #### #. #..#
##....#####..##


You could see a jelly.

Vanquished Creatures
  Prince Ribbit (D:4)
  An ogre (D:4)
  Sigmund (D:4)
  A gnoll shaman (D:4)
  A hound (D:4)
  6 orc priests
  3 iguanas
  2 orc wizards (D:4)
  Ijyb (D:3)
  An ogre zombie (D:5)
  A hound skeleton (D:4)
  12 gnolls
  6 adders
  A worm (D:4)
  A giant mite (D:4)
  3 giant geckos
  An ooze (D:4)
  11 orcs
  3 ball pythons
  12 bats
  14 hobgoblins
  19 jackals
  13 kobolds
  A quokka (D:3)
  5 giant cockroaches
  5 giant newts
  A giant newt zombie (D:5)
  12 goblins
  4 rats
  A rat skeleton (D:4)
144 creatures vanquished.

Notes
Turn   | Place    | Note
--------------------------------------------------------------
     0 | D:1      | Ratboiler, the Gargoyle Berserker, began the quest for the Orb.
     0 | D:1      | Reached XP level 1. HP: 14/14 MP: 1/1
    82 | D:1      | Reached XP level 2. HP: 10/19 MP: 2/2
   299 | D:1      | Reached XP level 3. HP: 12/23 MP: 3/3
   627 | D:1      | Acquired Trog's second power
  1096 | D:2      | Reached XP level 4. HP: 26/29 MP: 4/4
  1360 | D:3      | Reached skill level 4 in Maces & Flails
  1765 | D:3      | Found a glowing silver altar of Zin.
  1766 | D:3      | Found a shimmering altar of Xom.
  1857 | D:3      | Reached XP level 5. HP: 25/33 MP: 5/5
  2217 | D:3      | Noticed Ijyb
  2253 | D:3      | Killed Ijyb
  2253 | D:3      | Reached XP level 6. HP: 19/39 MP: 6/6
  2560 | D:3      | Reached skill level 1 in Stealth
  2623 | D:3      | Reached skill level 5 in Maces & Flails
  2996 | D:3      | Found a stormy altar of Qazlal.
  2997 | D:3      | Found a shadowy altar of Dithmenos.
  3086 | D:4      | Found a staircase to the Ecumenical Temple.
  3719 | D:4      | Reached XP level 7. HP: 44/44 MP: 7/7
  3744 | D:4      | Reached skill level 5 in Fighting
  3926 | D:4      | Acquired Trog's third power
  4121 | D:4      | Found an ancient bone altar of Kikubaaqudgha.
  4125 | D:4      | Found a blossoming altar of Fedhas.
  4410 | D:4      | Noticed Sigmund
  4422 | D:4      | Killed Sigmund
  4568 | D:4      | Noticed Prince Ribbit
  4582 | D:4      | Killed Prince Ribbit
  4582 | D:4      | Reached skill level 6 in Maces & Flails
  4582 | D:4      | Reached skill level 5 in Armour
  4582 | D:4      | Reached XP level 8. HP: 51/51 MP: 8/8
  4807 | D:5      | Entered Level 5 of the Dungeon
  5149 | D:5      | Found Byquykai's Assorted Antiques.
  5157 | D:5      | Bought a blackened granite ring for 135 gold pieces
  5210 | D:5      | HP: 2/51 [acid (8)]
  5212 | D:5      | Splashed by a jelly's acid

Action                   |  1- 3 |  4- 6 |  7- 9 || total
-------------------------+-------+-------+-------++-------
Melee: Mace              |    94 |   154 |       ||   248
       Club              |       |    77 |   179 ||   256
Invok: Berserk           |       |     6 |     4 ||    10
       Trog's Hand       |       |     1 |     1 ||     2
       Brothers in Arms  |       |       |     1 ||     1
Evoke: Wand              |       |     1 |       ||     1
  Use: Scroll            |       |     1 |     1 ||     2
       Potion            |       |       |     5 ||     5
  Eat: Chunk             |     1 |    12 |    10 ||    23
       Beef jerky        |       |     1 |       ||     1
